 Dungeon Crawl Stone Soup version 0.19.0-19-g8c6edcc (webtiles) character file.

4874 Haldmier the Slicer (level 10, -5/60 HPs)
             Began as a High Elf Skald on Nov 12, 2016.
             Was a Believer of Ashenzari.
             Slain by an elephant (15 damage)
             ... on level 9 of the Dungeon.
             The game lasted 00:54:20 (9873 turns).

Haldmier the Slicer (High Elf Skald)                Turns: 9873, Time: 00:54:21

Health: -5/60      AC:  5    Str: 14    XL:     10   Next: 26%
Magic:  13/15      EV: 16    Int: 16    God:    Ashenzari [**....]
Gold:   560        SH:  0    Dex: 16    Spells: 4 memorised, 6 levels left

rFire  . . .     SeeInvis +     e - +4 dagger (venom) (curse)
rCold  + . .     Gourm    .     A - +1 robe {MR+}
rNeg   . . .     Faith    .     (no shield)
rPois  .         Spirit   .     E - +1 helmet
rElec  .         Reflect  .     (no cloak)
rCorr  .         Harm     .     (no gloves)
MR     ++...                    (no boots)
Stlth  ++++......               W - amulet of magic regeneration
                                I - ring of protection from cold
                                J - ring of see invisible

@: no status effects
A: no striking features
a: Curse Item, Scrying, Renounce Religion


You were on level 9 of the Dungeon.
You worshipped Ashenzari.
Ashenzari was pleased with you.
You were hungry.

You visited 2 branches of the dungeon, and saw 10 of its levels.

You collected 560 gold pieces.

Inventory:

Hand Weapons
 b - a cursed +4 great sword
 e - a cursed +4 dagger of venom (weapon)
 B - a +1 dagger of flaming
 L - a +1 hand axe of electrocution
 Q - the +3 long sword "Luolouch" {venom, Dex+3 Stlth+}
   (You found it on level 6 of the Dungeon)

   It poisons the flesh of those it strikes.
   It affects your dexterity (+3).
   It makes you more stealthy.
Missiles
 g - a throwing net (quivered)
Armour
 u - a +0 ring mail
 A - a +1 robe of magic resistance (worn)
 C - a +1 robe of fire resistance
 E - a +1 helmet (worn)
Jewellery
 I - a ring of protection from cold (right hand)
 J - a ring of see invisible (left hand)
 R - an uncursed amulet of harm
 W - an amulet of magic regeneration (around neck)
Wands
 f - a wand of slowing (16/48)
 y - a wand of disintegration (14/24)
 G - a wand of paralysis (9/24)
 N - a wand of confusion (22/48)
 V - a wand of disintegration (18/24)
Scrolls
 a - 4 scrolls of enchant armour
 i - a scroll of identify
 m - 5 scrolls of amnesia
 o - a scroll of magic mapping
 p - 5 scrolls of remove curse
 t - a scroll of holy word {unknown}
 v - 2 scrolls of teleportation
 F - a scroll of fog
 H - a scroll of fear
Potions
 h - a potion of lignification
 j - a potion of invisibility {unknown}
 k - a potion of heal wounds
 l - a potion of berserk rage {unknown}
 r - a potion of ambrosia {unknown}
 s - a potion of agility
 x - a potion of might
 z - 3 potions of haste
 D - a potion of resistance
 M - a potion of cancellation {unknown}
 O - a potion of experience {unknown}
 S - a potion of beneficial mutation {unknown}
 U - a potion of curing {unknown}
Books
 c - a book of Battle

   Spells                             Type                      Level
   a - Infusion                       Charms                       1
   b - Shroud of Golubria             Charms/Translocation         2
   c - Song of Slaying                Charms                       2
   d - Spectral Weapon                Hexes/Charms                 3
   e - Regeneration                   Charms/Necromancy            3
 w - a book of Cantrips

   Spells                             Type                      Level
   a - Confusing Touch                Hexes                        1
   b - Animate Skeleton               Necromancy                   1
   c - Summon Small Mammal            Summoning                    1
   d - Apportation                    Translocation                1
 K - a book of Changes

   Spells                             Type                      Level
   a - Beastly Appendage              Transmutation                1
   b - Sticks to Snakes               Transmutation                2
   c - Spider Form                    Transmutation/Poison         3
   d - Ice Form                       Ice/Transmutation            4
   e - Blade Hands                    Transmutation                5
Comestibles
 d - 7 bread rations
 n - 3 meat rations
 q - 12 fruits
 P - a royal jelly
 T - 5 chunks of flesh


   Skills:
 - Level 2.0 Fighting
 - Level 9.1(11.4) Short Blades
 - Level 2.6(6.3) Long Blades
 - Level 0.8 Armour
 + Level 5.8 Dodging
 + Level 8.3 Stealth
 - Level 3.1 Spellcasting
 - Level 3.0 Hexes
 + Level 8.9 Charms
 - Level 3.1 Necromancy
 - Level 2.3 Translocations
 + Level 3.0 Evocations


You had 6 spell levels left.
You knew the following spells:

 Your Spells              Type           Power        Failure   Level  Hunger
a - Infusion              Chrm           ####         1%          1    #......
b - Shroud of Golubria    Chrm/Tloc      ###.......   3%          2    ##.....
c - Spectral Weapon       Hex/Chrm       ###.....     6%          3    ###....
d - Regeneration          Chrm/Necr      ###.......   6%          3    ###....


Dungeon Overview and Level Annotations

Branches:
Dungeon (9/15)             Temple (1/1) D:6            Lair (0/6) D:9
    Orc: D:9-12

Altars:
Ashenzari
Cheibriados
Dithmenos
Elyvilon
Fedhas
Gozag
Hepliaklqana
Kikubaaqudgha
Makhleb
Nemelex Xobeh
Okawaru
Qazlal
Ru
Sif Muna
Trog
Uskayaw
Vehumet
Xom
Yredelemnul
Zin
The Shining One

Shops:
D:4 *


Message History

The elephant is severely wounded.
Your spectral weapon hits the elephant!
The elephant looks as sick as possible!
The elephant completely misses you. The elephant barely misses you.
You hit the elephant.
The elephant looks as sick as possible!
The elephant is almost dead.
Your spectral weapon hits the elephant but does no damage.
The elephant looks as sick as possible!
You hit the elephant but do no damage.
The elephant looks as sick as possible!
The elephant is almost dead.
Your spectral weapon hits the elephant but does no damage.
The elephant looks as sick as possible!
The elephant tramples you!
* * * LOW HITPOINT WARNING * * *
You hold your ground!
Your shroud falls apart!
The elephant trunk-slaps you but does no damage.
You hit the elephant.
The elephant looks as sick as possible!
The elephant is almost dead.
Your spectral weapon hits the elephant.
The elephant looks as sick as possible!
The elephant tramples you!
You die...

*#.$.... ##..P....
##.......l
########.......y.
,
#..............ly,
#.......+#.....o.
#.......# #..oo..
, * #.......#
##.... ######@## ,
.y.,, ###(Y.# , ..
, #...### ** *# *
#.### *
####'###### ..#
#.........#
####.####
#.........#
#......#.
#.........#
#......#.
#.........#
#......#.


You could see an elephant and a friendly spectral dagger of venom.

Vanquished Creatures
  The ghost of Nicoed the Geomancer, a novice OpEE of Vehumet (D:7)
  A hornet (D:8)
  Prince Ribbit (D:6)
  A hippogriff (D:7)
  A yak (D:9)
  A water moccasin (D:8)
  2 sky beasts
  3 ice beasts
  A black bear (D:7)
  2 ogres
  A necrophage (D:9)
  10 bullfrogs
  A wyvern skeleton (D:7)
  2 scorpions
  A water moccasin skeleton (D:8)
  6 killer bees (D:9)
  5 wights
  A howler monkey (D:4)
  An electric eel (D:8)
  2 bullfrog zombies
  6 crimson imps
  A centaur zombie (D:5)
  2 orc priests (D:6)
  2 jellies
  A bullfrog skeleton (D:6)
  A centaur skeleton (D:5)
  13 orc wizards
  3 iguanas
  2 worker ants (D:6)
  A killer bee zombie (D:8)
  A hound zombie (D:8)
  A hound skeleton (D:9)
  A howler monkey zombie (D:9)
  Robin (D:4)
  4 gnolls
  8 adders
  2 shadow imps
  2 oozes
  An adder skeleton (D:8)
  2 worms
  11 leopard geckos
  34 orcs
  6 bats
  7 giant cockroaches
  26 goblins
  5 hobgoblins
  9 jackals (D:4)
  9 quokkas
  6 frilled lizards
  A jackal skeleton (D:4)
  7 kobolds
  A leopard gecko skeleton (D:4)
  3 rats (D:3)
  A spectral orc (D:4)
225 creatures vanquished.

Vanquished Creatures (others)
  A fungus (D:9)
  2 spectral weapons
3 creatures vanquished.

Grand Total: 228 creatures vanquished

Notes
Turn   | Place    | Note
-------+----------+-------------------------------------------
     0 | D:1      | Haldmier the High Elf Skald began the quest for the Orb.
     0 | D:1      | Reached XP level 1. HP: 14/14 MP: 4/4
    43 | D:1      | Reached skill level 2 in Short Blades
    43 | D:1      | Reached XP level 2. HP: 19/19 MP: 1/6
   369 | D:1      | Learned a level 2 spell: Shroud of Golubria
   519 | D:1      | Reached XP level 3. HP: 14/24 MP: 7/7
   538 | D:1      | Reached skill level 3 in Short Blades
  1094 | D:2      | Reached skill level 1 in Stealth
  1361 | D:2      | Reached XP level 4. HP: 27/29 MP: 2/8
  1649 | D:2      | Reached skill level 1 in Translocations
  2205 | D:3      | Reached skill level 4 in Short Blades
  2324 | D:3      | Reached XP level 5. HP: 13/34 MP: 7/9
  2572 | D:3      | Noticed a sky beast
  2878 | D:3      | Learned a level 3 spell: Spectral Weapon
  3012 | D:3      | Killed a sky beast
  3012 | D:3      | Reached skill level 5 in Short Blades
  3012 | D:3      | Reached XP level 6. HP: 20/39 MP: 3/11
  3240 | D:4      | Reached skill level 1 in Hexes
  3254 | D:4      | Found an iron altar of Okawaru.
  3490 | D:4      | Learned a level 3 spell: Regeneration
  3747 | D:4      | Noticed Robin
  3761 | D:4      | Killed Robin
  3761 | D:4      | Reached skill level 6 in Short Blades
  4018 | D:4      | Found Qyll's Assorted Antiques.
  4163 | D:4      | Reached XP level 7. HP: 45/45 MP: 10/12
  4208 | D:4      | Found a shattered altar of Ashenzari.
  4227 | D:4      | Became a worshipper of Ashenzari the Shackled
  4235 | D:4      | Found a basalt altar of Yredelemnul.
  4309 | D:5      | Entered Level 5 of the Dungeon
  4488 | D:5      | Reached skill level 1 in Necromancy
  4577 | D:5      | Reached skill level 7 in Short Blades
  4637 | D:5      | Found a hide-covered altar of Uskayaw.
  5572 | D:6      | Reached XP level 8. HP: 50/50 MP: 13/13
  5710 | D:6      | Reached skill level 8 in Short Blades
  6236 | D:6      | Reached * piety under Ashenzari
  6425 | D:6      | Identified the +3 long sword "Luolouch" {venom, Dex+3 Stlth+}
  6425 | D:6      | Found a staircase to the Ecumenical Temple.
  6478 | D:6      | Reached skill level 5 in Charms
  6503 | D:6      | Reached skill level 9 in Short Blades
  6649 | Temple   | Entered the Ecumenical Temple
  6911 | D:6      | Reached skill level 5 in Stealth
  7375 | D:6      | Found a bloodstained altar of Trog.
  7380 | D:6      | Found a deep blue altar of Sif Muna.
  7382 | D:6      | Found an ancient bone altar of Kikubaaqudgha.
  7386 | D:6      | Found an opulent altar of Gozag.
  7432 | D:6      | Reached XP level 9. HP: 45/54 MP: 12/14
  7467 | D:7      | Noticed Prince Ribbit
  7468 | D:7      | Noticed Nicoed's ghost (novice OpEE)
  7501 | D:6      | Killed Prince Ribbit
  8045 | D:7      | Found a white marble altar of Elyvilon.
  8194 | D:7      | Killed Nicoed's ghost
  8242 | D:7      | Found a burning altar of Makhleb.
  8647 | D:8      | Reached ** piety under Ashenzari
  8653 | D:8      | Reached skill level 5 in Dodging
  8653 | D:8      | Reached skill level 1 in Evocations
  8951 | D:8      | Reached XP level 10. HP: 60/60 MP: 12/15
  9724 | D:9      | Found a staircase to the Lair.
  9724 | D:9      | Noticed an elephant
  9873 | D:9      | Slain by an elephant

Skill      XL: |  1  2  3  4  5  6  7  8  9 10 |
---------------+-------------------------------+-----
Short Blades   | 2 3 4 5 6 7 9 |  9.1
Stealth        | 1 2 3 5 7 8 |  8.3
Translocations | 1 2 |  2.3
Hexes          | 1 3 |  3.0
Spellcasting   | 3 |  3.1
Necromancy     | 2 3 |  3.1
Charms         | 4 6 8 |  8.9
Dodging        | 5 |  5.8
Evocations     | 2 3 |  3.0
Fighting       | |  2.0
Long Blades    | |  2.6
Armour         | |  0.8

Action                   |  1- 3 |  4- 6 |  7- 9 | 10-12 || total
-------------------------+-------+-------+-------+-------++-------
Melee: Dagger            |    77 |   195 |   427 |   108 ||   807
       Falchion          |     1 |       |       |       ||     1
 Cast: Infusion          |     6 |     7 |    13 |       ||    26
       Shroud of Golubri |     2 |    12 |    30 |     5 ||    49
       Regeneration      |       |       |    13 |     3 ||    16
       Spectral Weapon   |       |       |     8 |     4 ||    12
Invok: Curse Item        |       |       |     1 |       ||     1
Evoke: Wand              |       |       |     1 |       ||     1
  Use: Scroll            |       |       |    12 |     2 ||    14
       Potion            |       |       |     3 |       ||     3
 Stab: Sleeping          |       |     5 |     6 |     5 ||    16
       Distracted        |       |       |     2 |       ||     2
  Eat: Chunk             |     2 |     9 |    19 |     3 ||    33
       Beef jerky        |       |       |     1 |       ||     1
Armor: Leather armour    |    13 |    33 |       |       ||    46
       Robe              |       |       |    53 |    10 ||    63
       Skin              |       |       |    15 |       ||    15
Dodge: Dodged            |    32 |    77 |   143 |    40 ||   292
